Map: Ruins of Seras

Players

Nero - Winner!

  • Race: Protoss Protoss

PuncHuRFAce

  • Race: Terran Terran
  • League: Bronze

VOD

Have the link to the VOD?

Description

Time

  • Played on: Jan. 27, 2016, 3:54 a.m.
  • Length: 6:32
Show
View Real Time Build Order
Export as new Build Order

Nero Protoss - Winner!

Build Orders:  

Get SALT Encoding   

  12  0:01  Probe (Chrono Boost)  
  13  0:12  Probe (Chrono Boost)  
  14  0:20  Pylon  
  14  0:24  Probe (Chrono Boost)  
  15  0:38  Probe (Chrono Boost)  
  16  0:49  Probe (Chrono Boost)  
  17  0:59  Probe (Chrono Boost)  
  18  1:07  Nexus  
  18  1:10  Probe (Chrono Boost)  
  19  1:22  Gateway  
  19  1:28  Probe (Chrono Boost)  
  20  1:39  Pylon  
  20  1:42  Probe (Chrono Boost), Assimilator  
  21  2:03  Assimilator  
  21  2:12  Cybernetics Core  
  21  2:14  Pylon  
  21  2:17  Gateway  
  21  2:22  Probe (Chrono Boost)  
  22  2:33  Probe (Chrono Boost)  
  22  2:34  Gateway  
  23  2:38  Probe (Chrono Boost)  
  23  2:43  Probe (Chrono Boost)  
  25  2:48  Probe (Chrono Boost)  
  26  2:56  Mothership Core (Chrono Boost)  
  28  3:04  Zealot  
  28  3:05  Adept  
  31  3:11  Forge  
  30  3:15  Probe (Chrono Boost)  
  30  3:48  Photon Cannon  
  30  3:56  Protoss Ground Weapons Level 1  
  30  4:08  Photon Cannon  
  30  4:12  Probe (Chrono Boost)  
  30  4:16  Adept  
  33  4:17  Warp Gate  
  33  4:23  Probe (Chrono Boost)  
  34  4:27  Probe (Chrono Boost)  
  35  4:33  Probe (Chrono Boost)  
  35  4:38  Adept x2, Probe (Chrono Boost)  
  37  4:45  Probe (Chrono Boost)  
  42  4:48  Probe (Chrono Boost)  
  43  5:10  Pylon  
  43  5:13  Pylon  
  43  5:16  Adept  
  45  5:23  Adept, Photon Cannon  
  45  5:28  Adept  
  46  5:56  Adept x3  
  46  6:08  Probe x2 (Chrono Boost)  
  46  6:18  Probe x2 (Chrono Boost)  
Show
View Real Time Build Order
Export as new Build Order

PuncHuRFAce Terran 

Build Orders:  

Get SALT Encoding   

  12  0:01  SCV  
  13  0:13  SCV  
  14  0:23  Supply Depot  
  14  0:25  SCV  
  15  0:44  SCV  
  16  0:50  Barracks  
  16  0:55  Refinery  
  16  0:56  SCV  
  17  1:09  SCV  
  18  1:21  SCV  
  19  1:33  SCV  
  20  1:40  Reaper  
  20  1:43  Supply Depot  
  21  1:49  Orbital Command  
  21  1:56  Barracks  
  21  2:12  Marine  
  22  2:18  Supply Depot  
  22  2:20  SCV  
  23  2:32  SCV  
  24  2:41  Supply Depot  
  24  3:01  SCV  
  24  3:02  Marine, Barracks  
  24  3:04  Barracks Tech Lab  
  26  3:21  Marine  
  27  3:32  Marine  
  28  3:39  Marine  
  29  3:44  SCV  
  29  3:50  Marine, Barracks  
  29  3:51  Marine  
  31  3:57  Marine, SCV  
  31  4:00  Combat Shields  
  33  4:09  Marine x2, SCV  
  36  4:14  Marine  
  36  4:15  Command Center  
  37  4:17  Refinery  
  37  4:22  Factory  
  37  4:27  Marine x2  
  39  4:32  Marine  
  40  4:40  Supply Depot, Marine  
  40  4:41  Supply Depot  
  40  4:45  Marine x2  
  43  4:50  Marine  
  44  4:58  Marine  
  44  5:03  Marine x2  
  46  5:07  Factory Tech Lab  
  46  5:08  Marine  
  46  5:11  Starport  
  47  5:16  Marine, SCV  
  47  5:20  Marine  
  37  5:46  SCV  
  35  5:58  SCV  
Tags
 
League
Bronze
Matchup
PvT
Replay Pack
rep
Add a new tag
Caveats
  • Supply blocks, unpowered buildings, or Contaminate may cause inaccurate times.
  • Supply counts are checked every 10 seconds.